 Dungeon Crawl Stone Soup version 0.31-a0-948-gf5be29c462 (webtiles) character file.

Game seed: 18434434542203969885

511 BinkBink the Trooper (level 6, 0/58 HPs)
             Began as a Minotaur Monk on Oct 21, 2023.
             Was a Believer of Qazlal.
             Slain by a killer bee (8 damage)
             ... on level 5 of the Dungeon.
             The game lasted 00:04:54 (4058 turns).

BinkBink the Trooper (Minotaur Monk)                Turns: 4058, Time: 00:04:54

Health: 0/58       AC:  2    Str: 18    XL:     6   Next: 99%
Magic:  5/5        EV: 14    Int:  7    God:    Qazlal [**....]
Gold:   235        SH:  3    Dex: 12    Spells: 5/5 levels left

rFire   + . .        a - +0 hand axe
rCold   + . .        d - orb {light}
rNeg    . . .        b - +0 robe
rPois   +            (helmet restricted)
rElec   +            f - scarf {shadows}
rCorr   +            (no gloves)
SInv    .            (no boots)
Will    .....        (no amulet)
Stlth   +            (no ring)
HPRegen 0.29/turn    (no ring)
MPRegen 0.09/turn

%: no passive effects
@: lethally poisoned (0 -> -12), resistant, glowing
A: horns 2, retaliatory headbutt
a: Renounce Religion, Upheaval


You were on level 5 of the Dungeon.
You worshipped Qazlal.
Qazlal was pleased with you.
You visited 2 branches of the dungeon, and saw 6 of its levels.

You collected 287 gold pieces.
You spent 52 gold pieces at shops.

Inventory:

Hand Weapons
 a - a +0 hand axe (weapon)
Missiles
 r - a throwing net
Armour
 b - a +0 robe (worn)
 d - an orb of light (worn)
 f - a scarf of shadows (worn)
Jewellery
 o - a ring of willpower
 s - a ring of flight
Scrolls
 c - a scroll of fear
 e - 2 scrolls of brand weapon
 h - 3 scrolls of fog
 i - a scroll of summoning {unknown}
 j - a scroll of identify
 l - 3 scrolls of revelation
 m - 5 scrolls of teleportation
 n - a scroll of enchant weapon {unknown}
 p - a scroll of enchant armour {unknown}
 q - a scroll of amnesia {unknown}
 w - a scroll of immolation {unknown}
Potions
 g - 2 potions of attraction
 k - a potion of lignification
 t - a potion of might
 u - a potion of berserk rage


   Skills:
 + Level 6.3 Fighting
 + Level 6.2 Axes
 + Level 5.6 Dodging


You had 5 spell levels left.
You didn't know any spells.
Your spell library was empty.

Dungeon Overview and Level Annotations

Branches:
Dungeon (5/15)             Temple (1/1) D:4

Altars:
Ashenzari
Cheibriados
Elyvilon
Fedhas
Gozag
Hepliaklqana
Kikubaaqudgha
Makhleb
Nemelex Xobeh
Okawaru
Qazlal
Ru
Sif Muna
Trog
Uskayaw
Wu Jian
Xom
Zin
The Shining One

Shops:
D:1 *

Annotations:
D:3 3 runed translucent doors, boombarfnjin2354fg's ghost, amateur OpSh
D:5 1 transporter


Innate Abilities, Weirdness & Mutations

You have a pair of horns on your head.
You reflexively headbutt those who attack you in melee.


Message History

You hear an angry buzzing noise. x2
A killer bee comes into view.
You hear an angry buzzing noise.
You hear a shout!
A killer bee comes into view. x2
The killer bee stings you. The killer bee barely misses you.
The killer bee stings you.
You are poisoned.
The killer bee poisons you!
You hit the killer bee. Your headbutt misses the killer bee.
The killer bee is lightly wounded.
You closely miss the killer bee.
You feel very sick.
The killer bee stings you but does no damage.
The killer bee barely misses you. x2; The killer bee stings you!
You hit the killer bee.
The killer bee is lightly wounded.
You hit the killer bee.
You hit the killer bee but do no damage.
You feel sick. The killer bee stings you.
You are more poisoned.
The killer bee poisons you! You block the killer bee's attack.
The killer bee barely misses you. The killer bee stings you!
The killer bee misses you. The killer bee stings you.
You closely miss the killer bee. You headbutt the killer bee!
The killer bee is almost dead.
You barely miss the killer bee. You closely miss the killer bee.
You feel very sick. The killer bee misses you. The killer bee stings you.
The killer bee misses you. You block the killer bee's attack.
The killer bee stings you.
You are more poisoned.
The killer bee poisons you! The killer bee stings you!
* * * LOW HITPOINT WARNING * * *
It was a potion of resistance.
You feel protected.
* * * LOW HITPOINT WARNING * * *
You feel very sick. You block the killer bee's attack.
The killer bee stings you!
You die...

##..#.#.≈≈≈§≈#
##§§≈§≈.### .
#..#.#..§§§≈#
##≈≈≈..#
..##..#.#..§§§≈#
......#.#.§.§§≈###
.MM.Mz#.#.#§.§§≈≈
#######.....§§§≈≈
©.......#.###§.§.
..###.#.#.###y###
#.#....##@###.##
#.#......yy.....
#.##...##.###.##
#. ##.###.# #.
.... ..# ###.#####
#+#


You could see 3 killer bees.

Vanquished Creatures
  A scorpion (D:4)
  A killer bee (D:5)
  2 orc priests (D:5)
  3 hounds
  A jelly (D:4)
  2 iguanas
  6 adders
  3 gnolls
  A worm (D:3)
  4 dart slugs
  8 orcs
  9 endoplasms
  2 giant cockroaches
  7 goblins
  12 hobgoblins
  2 jackals (D:1)
  A quokka (D:3)
  6 ball pythons
  3 bats
  3 frilled lizards
  9 kobolds
86 creatures vanquished.

Notes
Turn   | Place    | Note
-------+----------+-------------------------------------------
     0 | D:1      | BinkBink the Minotaur Monk began the quest for the Orb.
     0 | D:1      | Reached XP level 1. HP: 19/19 MP: 0/0
   183 | D:1      | Reached XP level 2. HP: 27/27 MP: 1/1
   266 | D:1      | Found Haqum's General Store.
   281 | D:1      | Bought a scroll of identify for 26 gold pieces
   281 | D:1      | Bought a scroll of identify for 26 gold pieces
   927 | D:2      | Reached XP level 3. HP: 33/33 MP: 2/2
   990 | D:2      | Found a faded altar of an unknown god.
  1434 | D:3      | Found a shimmering altar of Xom.
  1633 | D:3      | Reached XP level 4. HP: 39/41 MP: 3/3
  1956 | D:3      | Found a runed translucent gate.
  1957 | D:3      | Found a runed translucent gate.
  1957 | D:3      | Noticed boombarfnjin2354fg's ghost (amateur OpSh)
  1958 | D:3      | Found a runed translucent gate.
  1958 | D:3      | Noticed a kobold brigand
  2520 | D:4      | Reached skill level 5 in Fighting
  2716 | D:4      | Reached XP level 5. HP: 42/48 MP: 4/4
  2742 | D:4      | Reached skill level 5 in Axes
  2772 | D:4      | Found a staircase to the Ecumenical Temple.
  2785 | Temple   | Entered the Ecumenical Temple
  2802 | Temple   | Became a worshipper of Qazlal Stormbringer
  2802 | Temple   | Reached * piety under Qazlal
  2802 | Temple   | Reached ** piety under Qazlal
  2854 | D:4      | Reached skill level 5 in Dodging
  2904 | D:4      | Reached XP level 6. HP: 54/56 MP: 5/5
  2904 | D:4      | Found an ornate altar of the Wu Jian Council.
  2904 | D:4      | Found a blossoming altar of Fedhas.
  2910 | D:4      | Found a hide-covered altar of Uskayaw.
  3496 | D:5      | Entered Level 5 of the Dungeon
  3981 | D:5      | Identified the +5 ring mail "Mariwnu" {*Corrode Str+3
                  | Dex+4}
  4029 | D:5      | Found an ancient bone altar of Kikubaaqudgha.
  4043 | D:5      | Found a transporter.
  4058 | D:5      | Slain by a killer bee

Illustrated notes

Levels and vault maps discovered:
D:1:      heliophobic_arrival_dark_side_of_the_moon, layout_rooms, serial_shops,
          nicolae_shop_tiny_statue_garden
D:2:      layout_loops_ring, shapermc_ecumenical_altar_totnotflames,
          minmay_goblin_outpost
D:3:      layout_loops_cross, amcnicky_altar_gilded,
          gammafunk_ghost_nasty_kobolds, serial_co_window_serial,
          co_window_of_opportunity_a, co_window_paths_b, co_window_corner_a,
          co_window_corner_a, co_window_corner_a, co_window_unsneaky_path_e,
          co_window_paths_c, co_window_of_opportunity_b, glass_columns_c,
          glass_columns_b, glass_columns_b, glass_columns_a, glass_columns_c
D:4:      layout_loops_ring, chequers_temple_overflow_statue_of_worship,
          minmay_temple_entry_large_hall
D:5:      layout_loops_corners, gammafunk_temple_of_torment,
          grunt_decor_junction, uniq_edmund
Temple:   jpeg_temple_clearing

Skill      XL: |  1  2  3  4  5  6 |
---------------+-------------------+-----
Axes           | 4 5 6 |  6.2
Fighting       | 4 5 6 |  6.3
Dodging        | 4 5 |  5.6

Action                     |  1- 3 |  4- 6 || total
---------------------------+-------+-------++-------
  Melee: Hand axe          |    62 |   113 ||   175
         Headbutt          |    16 |    30 ||    46
    Use: Scroll            |     2 |     7 ||     9
         Potion            |       |     2 ||     2
 Armour: Robe              |    32 |    67 ||    99
  Dodge: Dodged            |    50 |    69 ||   119
  Block: Orb               |       |     9 ||     9

Table legend: (Time is in decaauts)
 A = Elapsed time spent in this place.
 B = Non-inter-level travel time spent in this place.
 C = Inter-level travel time spent in this place.
 D = Time resting spent in this place.
 E = Time spent auto-exploring this place.
 F = Levels seen in this place.
 G = Mean time per level.
                   A        B        C        D        E       F      G
               +--------+--------+--------+--------+--------+-----+--------+
         Total |   4067 |   3879 |    188 |    288 |   3083 |   6 |  677.8 |
       Dungeon |   4034 |   3876 |    158 |    288 |   3083 |   5 |  806.8 |
        Temple |     32 |      2 |     30 |      0 |      0 |   1 |   32.0 |
               +--------+--------+--------+--------+--------+-----+--------+

Top non-repeatable levels by time:
     D:3: 1171 daAuts
     D:4: 865 daAuts
     D:2: 842 daAuts
     D:1: 593 daAuts
     D:5: 561 daAuts
  Temple: 32 daAuts
